 Dungeon Crawl Stone Soup version 0.24.0-124-g2791043dd8 (webtiles) character file.

Game seed: 10537786094745967441, levelgen mode: deterministic

47681 Inhkb the Markscentaur (level 14, 0/126 HPs)
             Began as a Centaur Hunter on Feb 15, 2020.
             Was a High Priest of Okawaru.
             Slain by a killer bee (3 damage)
             ... on level 6 of the Lair of Beasts.
             The game lasted 01:41:04 (32133 turns).

Inhkb the Markscentaur (Centaur Hunter)            Turns: 32133, Time: 01:41:05

Health: 0/126      AC: 24    Str: 20    XL:     14   Next: 9%
Magic:  20/20      EV:  8    Int: 10    God:    Okawaru [*****.]
Gold:   1191       SH:  2    Dex: 13    Spells: 13/13 levels left

rFire    + . .     SeeInvis +   a - +1 shortbow
rCold    x . .     Gourm    .   (shield currently unavailable)
rNeg     . . .     Faith    .   i - +4 ring mail
rPois    .         Spirit   .   R - +0 helmet
rElec    .         Reflect  +   s - +0 cloak
rCorr    .         Harm     .   e - +0 pair of gloves {Dex+3}
MR       +....                  X - +2 centaur barding {Stlth+}
Stlth    ++........             D - +2 amulet of reflection
HPRegen  0.31/turn              F - ring of fire
MPRegen  0.17/turn              y - ring of see invisible

@: lethally poisoned (0 -> -12), about to teleport, hasted, very quick
A: large, hooves 3, deformed body, speed 2, tough skin 3
a: Heroism, Finesse, Renounce Religion


You were on level 6 of the Lair of Beasts.
You worshipped Okawaru.
Okawaru was extremely pleased with you.
You were very hungry.

You visited 3 branches of the dungeon, and saw 19 of its levels.
You also visited: Ossuary.

You collected 1191 gold pieces.

Inventory:

Hand Weapons
 a - a +1 shortbow (weapon)
 b - the +4 quarterstaff of Zihegaeps {crush, -Tele Int+5 Dex+2 Stlth+}
   (You found it on level 9 of the Dungeon)

   It inflicts extra damage upon your enemies.
   It affects your intelligence (+5).
   It affects your dexterity (+2).
   It prevents most forms of teleportation.
   It makes you more stealthy.
 Q - a +0 glaive
Missiles
 d - 165 arrows (quivered)
 r - 34 poisoned darts
Armour
 e - a +0 pair of gloves of dexterity (worn)
 i - a +4 ring mail (worn)
 k - a +0 pair of gloves
 s - a +0 cloak (worn)
 R - a +0 helmet (worn)
 X - a +2 centaur barding of stealth (worn)
Jewellery
 y - a ring of see invisible (right hand)
 D - a +2 amulet of reflection (around neck)
 F - a ring of fire (left hand)
 O - an uncursed ring of ice
 V - an uncursed ring of resist corrosion
Wands
 g - a wand of flame (38)
 h - a wand of random effects (30)
 w - a wand of disintegration (32)
 K - a wand of paralysis (11)
 S - a wand of polymorph (20)
 U - a wand of iceblast (8)
Scrolls
 m - 8 scrolls of enchant weapon
 n - 9 scrolls of remove curse
 o - 2 scrolls of amnesia
 t - 2 scrolls of fog {unknown}
 x - a scroll of acquirement {unknown}
 I - 2 scrolls of teleportation
 L - a scroll of summoning {unknown}
 N - 5 scrolls of enchant armour
 W - a scroll of brand weapon
 Y - 3 scrolls of immolation {unknown}
 Z - 3 scrolls of fear
Potions
 j - 4 potions of flight
 l - 2 potions of mutation {unknown}
 p - 2 potions of invisibility
 q - 4 potions of lignification
 u - 2 potions of agility
 v - 3 potions of brilliance
 z - 7 potions of curing
 A - 3 potions of might
 C - 2 potions of ambrosia {unknown}
 G - 3 potions of haste
 H - 2 potions of berserk rage {unknown}
 J - 2 potions of resistance
 M - 2 potions of heal wounds
 P - 2 potions of magic
Miscellaneous
 c - a fan of gales
 T - a crystal ball of energy
Comestibles
 f - 26 rations


   Skills:
 - Level 12.0 Fighting
 - Level 16.0 Bows
 + Level 10.6 Armour
 - Level 4.0 Dodging
 - Level 0.4 Stealth
 - Level 7.0 Invocations
 - Level 8.0 Evocations


You had 13 spell levels left.
You didn't know any spells.
Your spell library contained the following spells:

 Spells                   Type           Power        Failure   Level  Hunger
 Beastly Appendage        Tmut           #.....       50%         1    ##.....
 Sandblast                Erth           #.....       50%         1    ##.....
 Shock                    Conj/Air       #...         50%         1    ##.....
 Sticks to Snakes         Tmut           #.......     65%         2    ###....
 Swiftness                Chrm/Air       #.......     65%         2    ###....
 Spider Form              Tmut/Pois      #.........   86%         3    ####...
 Static Discharge         Conj/Air       #.......     86%         3    ####...
 Airstrike                Air            #.........   99%         4    #####..
 Ice Form                 Ice/Tmut       #.......     99%         4    #####..
 Passage of Golubria      Tloc           N/A          99%         4    #####..
 Petrify                  Tmut/Erth      #.......     99%         4    #####..
 Blade Hands              Tmut           #.........   100%        5    ######.
 Lightning Bolt           Conj/Air       #.........   100%        5    ######.
 Summon Forest            Summ/Tloc      #.........   100%        5    ######.
 Dispersal                Tloc           #.........   100%        6    #######


Dungeon Overview and Level Annotations

Branches:
Dungeon (12/15)            Temple (1/1) D:7            Lair (6/6) D:8
  Swamp (0/4) Lair:4       Spider (0/4) Lair:4        Slime (0/5) Lair:5
Ossuary (visited)
    Orc: D:9-12

Altars:
Ashenzari
Cheibriados
Dithmenos
Elyvilon
Fedhas
Gozag
Hepliaklqana
Kikubaaqudgha
Makhleb
Nemelex Xobeh
Okawaru
Qazlal
Ru
Sif Muna
Trog
Uskayaw
Vehumet
Wu Jian
Xom
Yredelemnul
Zin
The Shining One
Beogh
Jiyva

Annotations:
Lair:5 2 transporters, Caath's ghost, journeyman DrFi


Innate Abilities, Weirdness & Mutations

You have hooves in place of feet.
Armour fits poorly on your strangely shaped body.
You cover ground very quickly.
You have extremely tough skin. (AC +3)


Message History

The killer bee barely misses you. x2; The killer bee stings you.
* * * LOW HITPOINT WARNING * * *
The killer bee stings you but does no damage.
Cornered, the killer bee turns to fight!
The killer bee stings you.
* * * LOW HITPOINT WARNING * * *
The killer bee barely misses you. The killer bee stings you.
* * * LOW HITPOINT WARNING * * *
The killer bee stings you.
* * * LOW HITPOINT WARNING * * *
You feel yourself speed up.
You feel sick. The killer bee barely misses you.
The killer bee stings you but does no damage. x2
The killer bee stings you!
* * * LOW HITPOINT WARNING * * *
The killer bee stings you.
* * * LOW HITPOINT WARNING * * *
The killer bee stings you but does no damage. x2
The killer bee closely misses you. The killer bee misses you.
The killer bee stings you.
You die...

##...#.#.....................
#....#.P..............#......
##.....P.....................
##..................#.......
####P...#.#...........#........
#..#P.(...#.........^..#.......
##.............................
###..............yy...#..........
#...............@yy.####.........
#...............yyy..# ##........
.........(......#...## #.........
....#.........#.#...y####........
..P.........########..# #........
............# #y####........
..........###yyyyy..y.##.........
.#.......####.yy.yy#.######.#####
.####.......#..yyyy### ### #


You could see a queen bee and 8 killer bees.

Vanquished Creatures
  Gastronok (Lair:2)
  A fire dragon (Lair:6)
  6 hydras
  Fannar (Lair:1)
  Harold (D:7)
  5 death yaks
  A two-headed ogre (D:9)
  Urug (D:10)
  Nergalle (Lair:1)
  A swamp dragon (Lair:6)
  4 oklob plants (Lair:6)
  24 elephants
  Joseph (D:7)
  3 black mambas
  5 spiny frogs
  A centaur skeleton (D:10)
  A torpor snail (Lair:5)
  3 komodo dragons
  2 rime drakes (Lair:6)
  A freezing wraith (D:10)
  3 jumping spiders (Lair:4)
  10 blink frogs
  4 dream sheep (Lair:6)
  A meliai zombie (D:10)
  7 hippogriffs
  A shadow (D:11)
  6 redbacks
  26 yaks
  2 wraiths
  2 wyverns
  3 steam dragons
  4 basilisks
  Menkaure (D:7)
  2 hell hounds (Lair:2)
  2 acid dragons (Lair:6)
  Duvessa (D:5)
  11 water moccasins
  4 orc warriors
  2 porcupines
  A swamp drake (Lair:6)
  4 ice beasts
  A black bear (D:11)
  An eye of draining (D:10)
  3 sky beasts
  2 phantoms
  7 ogres
  2 necrophages
  4 centaurs
  12 crocodiles
  6 big kobolds
  2 elf zombies
  2 elf skeletons (D:8)
  7 bullfrogs
  Dowan (D:5)
  2 scorpions
  11 killer bees
  An electric eel (Lair:6)
  11 crimson imps
  4 howler monkeys
  3 bullfrog zombies
  2 hounds
  9 orc wizards
  A bullfrog skeleton (D:8)
  8 orc priests
  Crazy Yiuf (D:7)
  2 human zombies (D:8)
  3 jellies
  Terence (D:3)
  8 iguanas
  A human skeleton (D:8)
  11 worker ants
  A killer bee zombie (D:8)
  2 hound skeletons
  3 mummies (Ossuary)
  A worker ant zombie (D:8)
  11 gnolls
  16 adders
  A howler monkey skeleton (D:6)
  2 shadow imps
  An ooze (D:1)
  2 worms
  A dart slug (D:4)
  6 leopard geckos
  47 orcs
  10 giant cockroaches
  A gnoll zombie (Ossuary)
  13 goblins
  4 hobgoblins
  9 jackals
  4 quokkas
  7 bats
  3 frilled lizards (D:2)
  A goblin zombie (Ossuary)
  3 hobgoblin zombies (Ossuary)
  24 kobolds
  5 kobold zombies (Ossuary)
  2 orc zombies (Ossuary)
  A quokka skeleton (D:4)
  8 rats
  A plant (Lair:6)
480 creatures vanquished.

Vanquished Creatures (others)
  A hound (D:5)
  2 iguanas (D:5)
  2 quokkas (D:5)
  9 fungi
  19 plants
33 creatures vanquished.

Grand Total: 513 creatures vanquished

Notes
Turn   | Place    | Note
-------+----------+-------------------------------------------
     0 | D:1      | Inhkb the Centaur Hunter began the quest for the Orb.
     0 | D:1      | Reached XP level 1. HP: 17/17 MP: 1/1
   121 | D:1      | Reached XP level 2. HP: 23/24 MP: 2/2
   124 | D:1      | Reached skill level 6 in Bows
   630 | D:1      | Reached XP level 3. HP: 28/29 MP: 3/3
   881 | D:1      | Reached skill level 7 in Bows
  1316 | D:1      | Reached XP level 4. HP: 20/36 MP: 4/4
  2299 | D:3      | Reached skill level 8 in Bows
  2716 | D:3      | Noticed Terence
  2730 | D:3      | Killed Terence
  2730 | D:3      | Reached XP level 5. HP: 34/41 MP: 5/5
  2891 | D:3      | Found a hide-covered altar of Uskayaw.
  2899 | D:3      | Noticed a +0 dagger
  2899 | D:3      | Noticed a +0 dagger
  3778 | D:4      | Found a blossoming altar of Fedhas.
  3779 | D:4      | Noticed an ogre
  3787 | D:4      | Killed an ogre
  3787 | D:4      | Reached skill level 9 in Bows
  3787 | D:4      | Reached XP level 6. HP: 51/51 MP: 6/6
  4345 | D:3      | Reached skill level 10 in Bows
  4571 | D:4      | Reached XP level 7. HP: 58/58 MP: 7/7
  4959 | D:4      | Found a snail-covered altar of Cheibriados.
  5123 | D:5      | Entered Level 5 of the Dungeon
  5330 | D:4      | Reached skill level 11 in Bows
  5718 | D:5      | Reached skill level 12 in Bows
  5718 | D:5      | Reached XP level 8. HP: 40/66 MP: 8/8
  5848 | D:5      | Noticed Duvessa
  5851 | D:5      | Noticed Dowan
  5879 | D:5      | Killed Duvessa
  5879 | D:5      | Reached skill level 1 in Evocations
  5894 | D:5      | Killed Dowan
  5894 | D:5      | Reached skill level 1 in Armour
  6170 | D:5      | Found a shimmering altar of Xom.
  6195 | D:5      | Reached skill level 5 in Fighting
  7371 | D:6      | Got a transparent short sword
  7371 | D:6      | Identified the +8 short sword "Seogy" {freeze, *Drain rElec
                  | Str+4 Int+2} (You found it on level 6 of the Dungeon)
  7479 | D:6      | Found a glowing silver altar of Zin.
  7729 | D:6      | You fall into a shaft and drop 1 floor!
  7732 | D:7      | Reached XP level 9. HP: 70/75 MP: 11/11
  7781 | D:7      | Noticed Harold
  7901 | D:7      | Noticed Menkaure
  8366 | D:7      | Found a hazy altar of Hepliaklqana.
  8424 | D:7      | Noticed Joseph
  8544 | D:8      | Found a sand-covered staircase.
  8557 | Ossuary  | Entered an ossuary
  9084 | D:8      | Found a radiant altar of Vehumet.
  9091 | D:8      | Found a roughly hewn altar of Beogh.
  9179 | D:7      | Killed Menkaure
  9388 | D:7      | Killed Harold
  9388 | D:7      | Reached skill level 5 in Armour
  9422 | D:7      | Killed Joseph
  9422 | D:7      | Reached skill level 13 in Bows
  9422 | D:7      | Reached XP level 10. HP: 48/85 MP: 13/13
  9589 | D:7      | Found a staircase to the Ecumenical Temple.
  9596 | Temple   | Entered the Ecumenical Temple
  9792 | Temple   | Became a worshipper of Warmaster Okawaru
  9901 | D:7      | Found a runed translucent door.
  9902 | D:7      | Noticed Crazy Yiuf
 10034 | D:7      | Killed Crazy Yiuf
 11018 | D:8      | Reached * piety under Okawaru
 11685 | D:8      | Found a shadowy altar of Dithmenos.
 12112 | D:8      | Reached ** piety under Okawaru
 12112 | D:8      | Reached skill level 14 in Bows
 12116 | D:8      | Found a staircase to the Lair.
 12537 | D:9      | Reached skill level 1 in Invocations
 12596 | D:9      | Got a fine quarterstaff
 12596 | D:9      | Identified the +4 quarterstaff of Zihegaeps {crush, -Tele
                  | Int+5 Dex+2 Stlth+} (You found it on level 9 of the
                  | Dungeon)
 12655 | D:9      | Found a shimmering blue altar of Sif Muna.
 13459 | D:9      | Noticed a two-headed ogre
 13487 | D:9      | Killed a two-headed ogre
 13487 | D:9      | Reached *** piety under Okawaru
 13487 | D:9      | Reached XP level 11. HP: 91/93 MP: 14/14
 13624 | D:10     | Entered Level 10 of the Dungeon
 14602 | D:10     | Noticed Urug
 14618 | D:10     | Killed Urug
 14837 | D:11     | Found a burning altar of Makhleb.
 15032 | D:11     | Reached **** piety under Okawaru
 15278 | D:11     | Reached skill level 5 in Invocations
 15769 | D:11     | Received a gift from Okawaru
 15884 | Lair:1   | Entered Level 1 of the Lair of Beasts
 15932 | Lair:1   | Noticed a six-headed hydra
 16019 | D:8      | Killed a six-headed hydra
 16643 | Lair:2   | Noticed Nergalle
 16914 | Lair:1   | Killed Nergalle
 16914 | Lair:1   | Reached skill level 5 in Evocations
 17125 | Lair:2   | Received a gift from Okawaru
 17663 | Lair:2   | Received a gift from Okawaru
 17700 | Lair:2   | Noticed Fannar
 18016 | Lair:2   | Noticed Gastronok
 18049 | Lair:2   | Killed Gastronok
 18049 | Lair:2   | Reached ***** piety under Okawaru
 18049 | Lair:2   | Reached XP level 12. HP: 102/102 MP: 14/17
 18347 | Lair:1   | Killed Fannar
 19347 | Lair:3   | Noticed a six-headed hydra
 19368 | Lair:3   | Killed a six-headed hydra
 19368 | Lair:3   | Received a gift from Okawaru
 21358 | Lair:3   | Reached skill level 10 in Fighting
 22343 | Lair:4   | Noticed a seven-headed hydra
 22377 | Lair:4   | Killed a seven-headed hydra
 22406 | Lair:4   | Found a staircase to the Swamp.
 23403 | Lair:4   | Reached XP level 13. HP: 117/117 MP: 19/19
 23438 | Lair:4   | Received a gift from Okawaru
 23889 | Lair:3   | HP: 5/117 [poisoned by a redback]
 23894 | Lair:3   | HP: 5/117 [poisoned by a redback]
 23901 | Lair:3   | HP: 5/117 [poisoned by a redback]
 23909 | Lair:3   | HP: 5/117 [poisoned by a redback]
 24428 | Lair:4   | Found a hole to the Spider Nest.
 24963 | Lair:4   | Found a staircase to the Swamp.
 25090 | Lair:4   | Found a hole to the Spider Nest.
 25960 | Lair:5   | Found a viscous altar of Jiyva.
 25962 | Lair:5   | Found a staircase to the Slime Pits.
 26129 | Lair:5   | Found a transporter.
 26131 | Lair:5   | Noticed Caath's ghost (journeyman DrFi)
 26142 | Lair:5   | Found a transporter.
 26472 | Lair:6   | Entered Level 6 of the Lair of Beasts
 26624 | Lair:5   | Received a gift from Okawaru
 26627 | Lair:5   | Got a polished centaur barding {god gift}
 26637 | Lair:5   | Identified the +0 centaur barding "Etupidis" {SInv}
                  | (Okawaru gifted it to you on level 5 of the Lair of Beasts)
 26970 | Lair:6   | Reached skill level 15 in Bows
 29057 | Lair:6   | Reached skill level 16 in Bows
 29259 | Lair:6   | Identified Qujilec's Incunabulum of Unstable Clay
 30070 | Lair:6   | Received a gift from Okawaru
 30266 | Lair:6   | Noticed a fire dragon
 30271 | Lair:6   | Reached skill level 10 in Armour
 30655 | Lair:6   | Killed a fire dragon
 30982 | Lair:5   | Reached XP level 14. HP: 61/125 MP: 20/20
 32133 | Lair:6   | HP: 3/126 [killer bee (4)]
 32133 | Lair:6   | Slain by a killer bee

Levels and vault maps discovered:
D:1:      minmay_arrival_nine_rooms, layout_rooms, minmay_split_cup_large
D:2:      layout_basic, first_ration, minmay_pentomino_r2
D:3:      layout_basic, dancing_weapons_uskayaw, uniq_terence
D:4:      layout_basic, nicolae_overflow_hidden_temple, cheibriados_altar_1
D:5:      layout_cave_pools, xom_confusion_cloud, uniq_duvessa
D:6:      layout_cave_pods, zin_statuary
D:7:      layout_basic, kennysheep_little_box, minmay_temple_entry_slanted,
          wad_floor_pattern_untrapped, hangedman_abyss_or_decor_lesser_grid,
          uniq_menkaure, uniq_joseph, uniq_harold, uniq_crazy_yiuf_cottage
D:8:      layout_basic, lemuel_crystal_altar, nicolae_dithmenos_the_darkroom,
          david_lair_shrubbed, nicolae_ossuary_entry_catacombs, special_room
          [special_room_orc]
D:9:      layout_basic, old_standard_altar
D:10:     layout_roguey, uniq_urug
D:11:     layout_loops_ring, basic_altar
D:12:     layout_cave_pools, david_orc_4, grunt_livestock
Temple:   nicolae_temple_figure_eight
Lair:1:   layout_loops_ring
Lair:2:   layout_cave_pods, uniq_gastronok, uniq_nergalle, uniq_fannar
Lair:3:   layout_hall_layers, enter_volcano_3, grunt_megastairs_1
Lair:4:   layout_regular_city, swamp_mist, nicolae_spider_entry_tight_spaces,
          beast_lair_carwin_1, infiniplex_staircase_pool_2
Lair:5:   layout_regular_city, slime_altar_1, gammafunk_ghost_berserking_beasts,
          serial_bayou_shore_b
Lair:6:   guppyfry_lair_end_dragon, layout_cave_pods, special_room
          [special_room_bee], minivault_19, serial_bayou_ford_a,
          minmay_lair_oklob_chamber, grunt_megastairs_5

Skill      XL: |  1  2  3  4  5  6  7  8  9 10 11 12 13 |
---------------+----------------------------------------+-----
Bows           | 6 7 8 9 10 12 13 14 16 | 16.0
Fighting       | 3 4 5 7 8 12 | 12.0
Evocations     | 3 4 6 8 |  8.0
Armour         | 2 5 6 8 10 | 10.6
Invocations    | 3 5 7 |  7.0
Dodging        | 2 4 |  4.0
Stealth        | |  0.4

Action                   |  1- 3 |  4- 6 |  7- 9 | 10-12 | 13-15 || total
-------------------------+-------+-------+-------+-------+-------++-------
Melee: Short sword       |    97 |    38 |   171 |     8 |       ||   314
       Kick              |    17 |    29 |    83 |   158 |    86 ||   373
       War axe           |       |    68 |       |       |       ||    68
       Flail             |       |    42 |   139 |       |       ||   181
       Quarterstaff      |       |       |       |   579 |   212 ||   791
       Glaive            |       |       |       |    18 |       ||    18
 Fire: Shortbow          |    22 |    50 |    51 |   614 |   494 ||  1231
Throw: Dart              |       |    11 |    53 |    22 |       ||    86
Invok: Heroism           |       |       |       |     4 |     1 ||     5
       Finesse           |       |       |       |       |     1 ||     1
Evoke: Wand              |       |       |       |     5 |    12 ||    17
  Use: Scroll            |       |     6 |     5 |    15 |     4 ||    30
       Potion            |       |       |     1 |     1 |     3 ||     5
 Stab: Sleeping          |       |       |       |     1 |     2 ||     3
  Eat: Chunk             |       |     9 |    13 |    24 |    12 ||    58
       Ration            |       |       |       |     4 |     3 ||     7
Armor: Leather armour    |    41 |    46 |       |       |       ||    87
       Ring mail         |       |    30 |   205 |   698 |   278 ||  1211
Dodge: Dodged            |    50 |    69 |   100 |   376 |   160 ||   755
Block: Other             |       |       |     9 |    77 |    23 ||   109
       Reflection        |       |       |       |     4 |       ||     4
